 Dungeon Crawl Stone Soup version 0.26-a0-612-gd4d190f45e (webtiles) character file.

Game seed: 12997959986062109032

1929 KikubaaqudghaCute the Dealer of Despair (level 8, -9/64 HPs)
             Began as a Mummy Monk on Sept 10, 2020.
             Was an Elder of Kikubaaqudgha.
             Killed by divine providence
             ... invoked by an orc priest
              (10 damage)
             ... on level 6 of the Dungeon.
             The game lasted 00:30:23 (9725 turns).

KikubaaqudghaCute the Dealer of Despair (MuMo)      Turns: 9725, Time: 00:30:24

Health: -9/64      AC:  8    Str: 10    XL:     8   Next: 96%
Magic:  10/12      EV: 14    Int: 15    God:    Kikubaaqudgha [****..]
Gold:   338        SH:  5    Dex: 15    Spells: 7/13 levels left

rFire    x . .     SeeInvis .   s - +6 dagger "Use Beda" {freeze, Str-4 Int+4}
rCold    + . .     Faith    .   (no shield)
rNeg     + + +     Spirit   .   o - +0 leather armour {MR+}
rPois    ∞         Reflect  +   c - +1 helmet
rElec    .         Harm     .   (no cloak)
rCorr    .                      l - +2 pair of gloves
MR       ++...                  (no boots)
Stlth    ++........             h - amulet of reflection
HPRegen  0.20/turn              f - ring of wizardry
MPRegen  0.13/turn              (no ring)

@: studying Unarmed Combat
A: no potions, fire vulnerability, cold resistance 1, negative energy resistance
3, torment resistance, unbreathing
a: Receive Corpses, Renounce Religion


You were on level 6 of the Dungeon.
You worshipped Kikubaaqudgha.
Kikubaaqudgha was greatly pleased with you.
You visited 1 branch of the dungeon, and saw 6 of its levels.
You also visited: Sewer.

You collected 338 gold pieces.

Inventory:

Hand Weapons
 a - a +1 falchion
 g - a +1 vampiric hand axe
 s - the +6 dagger "Use Beda" (weapon) {freeze, Str-4 Int+4}
   (You took it off a gnoll on level 5 of the Dungeon)

   It has been specially enchanted to freeze those struck by it, causing extra
   injury to most foes and up to half again as much damage against particularly
   susceptible opponents.
   It can also slow down cold-blooded creatures.
   It affects your strength (-4).
   It affects your intelligence (+4).
 y - the cursed +0 hand axe of the Depths {flame, rPois rF- MR+ SInv, unknown}
   (You found it on level 6 of the Dungeon)

   It has been specially enchanted to burn those struck by it, causing extra
   injury to most foes and up to half again as much damage against particularly
   susceptible opponents.
   Big, fiery blades are also staple armaments of hydra-hunters.
   It makes you vulnerable to fire.
   It protects you from poison.
   It affects your resistance to hostile enchantments.
   It lets you see invisible.
   It has a curse placed upon it.
Armour
 b - a +0 robe
 c - a +1 helmet (worn)
 l - a +2 pair of gloves (worn)
 o - a +0 leather armour of magic resistance (worn)
Jewellery
 f - a ring of wizardry (left hand)
 h - an amulet of reflection (around neck)
 i - an uncursed ring of flight
 k - an uncursed ring of fire
 t - an uncursed amulet of faith
 z - the amulet "Reliles" {Spirit rN+ Str+4, unknown}
   (You found it on level 6 of the Dungeon)

   [amulet of guardian spirit]

   It causes incoming damage to be split between your health and magic.
   It affects your strength (+4).
   It protects you from negative energy.
Wands
 n - a wand of iceblast (2)
 p - a wand of flame (14)
Scrolls
 d - a scroll of remove curse
 e - a scroll of fog
 j - 3 scrolls of amnesia
 m - 5 scrolls of identify
 q - a scroll of enchant weapon
 r - a scroll of teleportation
 u - a scroll of blinking {unknown}
 v - a scroll of magic mapping
 x - a scroll of enchant armour
Books
 w - a manual of Unarmed Combat


   Skills:
 + Level 5.8 Fighting
 - Level 5.0 Long Blades
 + Level 4.9 Dodging
 - Level 3.0 Stealth
 + Level 3.0 Spellcasting
 * Level 6.2 Necromancy


You had 7 spell levels left.
You knew the following spells:

 Your Spells              Type           Power        Failure   Level
a - Animate Skeleton      Necr           ###...       1%          1
d - Vampiric Draining     Necr           ###.......   2%          3
r - Corpse Rot            Necr/Air       N/A          4%          2

Your spell library contained the following spells:

 Spells                   Type           Power        Failure   Level
 Pain                     Necr           ###.         1%          1
 Animate Dead             Necr           ###.......   9%          4
 Dispel Undead            Necr           ###.....     9%          4
 Foxfire                  Conj/Fire      #...         11%         1
 Excruciating Wounds      Necr           ###.......   22%         5
 Conjure Flame            Conj/Fire      #.......     32%         3
 Inner Flame              Hex/Fire       #.......     32%         3
 Stone Arrow              Conj/Erth      #.....       32%         3
 Borgnjor's Vile Clutch   Necr/Erth      ##........   61%         5
 Sticky Flame             Conj/Fire      #.......     69%         4
 Death Channel            Necr           ###.......   75%         6
 Fireball                 Conj/Fire      #.........   95%         5
 Summon Forest            Summ/Tloc      #.........   95%         5
 Eringya's Noxious Bog    Tmut/Pois      #.........   100%        6
 Summon Hydra             Summ           #.........   100%        7
 Hydra Form               Tmut           Unusable     N/A         6

Dungeon Overview and Level Annotations

Branches:
Dungeon (6/15)             Temple (0/1) D:6           Sewer (visited)

Altars:
Dithmenos
Kikubaaqudgha
Makhleb
Okawaru
Qazlal
Ru
Vehumet
Yredelemnul
Zin
The Shining One

Annotations:
D:5 4 runed translucent doors


Innate Abilities, Weirdness & Mutations

You do not drink.
Your flesh is vulnerable to fire.
You are immune to poison.
Your flesh is cold resistant. (rC+)
You are immune to negative energy. (rN+++)
You are immune to unholy pain and torment.
You can survive without breathing.


Message History

Aim: an orc priest, wielding a +0 dagger and wearing a +0 ring mail (heavily wounded) That beam is likely to hit you.
Continue anyway?
The mass of ice explodes!
The iceblast engulfs the orc priest.
The orc priest is heavily wounded.
The iceblast engulfs the orc priest!
You kill the orc priest!
Kikubaaqudgha accepts your kill. The iceblast engulfs you!
You partially resist.
* * * LOW HITPOINT WARNING * * *
The orc priest hits you but does no damage.
Unknown command.
You can't drink.
Okay, then.
Okay, then.
You hit the orc priest but do no damage.
The orc priest is heavily wounded.
The orc priest mumbles some strange prayers to Beogh against you.
Beogh smites you!
You die...
Kikubaaqudgha rasps: "You have failed me!
Welcome... oblivion!"

#...# ... ... ... #.# #o#
#o# #@# #### #.# ..# #.#
#.### #.# #####.#.##
#.############## #......#.#
#.##...........#
#.###)#.####.##.#########.#
#.# #.#.........# #.#
#.###.###.####.....## #.#


You could see an orc priest and an orc.

Vanquished Creatures
  Pikel (D:5)
  A necrophage (D:5)
  2 ogres
  A lemure (D:5)
  A big kobold (Sewer)
  A bullfrog (D:4)
  A gnoll sergeant (D:6)
  A centaur skeleton (D:4)
  3 hounds
  2 orc wizards
  2 orc priests
  3 iguanas (D:4)
  5 worker ants
  Natasha (thrice) (D:2)
  A hound zombie (D:6)
  Robin (D:3)
  6 gnolls
  9 adders
  6 river rats (Sewer)
  A shadow imp (D:5)
  A white imp (D:5)
  2 ufetubi
  3 oozes
  An adder skeleton (D:5)
  2 worms (D:3)
  2 dart slugs
  3 leopard geckos (D:5)
  17 orcs
  3 giant cockroaches
  13 goblins
  7 hobgoblins
  13 jackals
  22 kobolds
  4 quokkas
  5 ball pythons
  A ball python zombie (D:5)
  3 bats
  5 frilled lizards
  24 rats
182 creatures vanquished.

Vanquished Creatures (collateral kills)
  A wyvern (D:5)
  A gnoll (D:5)
  2 rats (Sewer)
4 creatures vanquished.

Vanquished Creatures (others)
  5 plants (D:5)
5 creatures vanquished.

Grand Total: 191 creatures vanquished

Notes
Turn   | Place    | Note
-------+----------+-------------------------------------------
     0 | D:1      | KikubaaqudghaCute the Mummy Monk began the quest for the
                  | Orb.
     0 | D:1      | Reached XP level 1. HP: 18/18 MP: 1/1
   294 | D:1      | Reached XP level 2. HP: 17/24 MP: 2/2
  1035 | D:2      | Reached XP level 3. HP: 26/29 MP: 3/3
  1397 | D:2      | Noticed Natasha
  1409 | D:2      | Killed Natasha
  1921 | D:2      | Noticed Natasha
  2015 | D:2      | Killed Natasha
  2015 | D:2      | Reached XP level 4. HP: 13/35 MP: 4/4
  2376 | D:2      | Noticed Natasha
  2391 | D:2      | Killed Natasha
  2631 | D:3      | Noticed an ogre
  2716 | D:3      | Noticed Robin
  2942 | D:2      | Reached XP level 5. HP: 23/42 MP: 5/5
  3158 | D:3      | Killed Robin
  3239 | D:3      | Found an iron altar of Okawaru.
  3757 | D:3      | Found a glowing silver altar of Zin.
  3760 | D:3      | Found a basalt altar of Yredelemnul.
  4439 | D:4      | Found a burning altar of Makhleb.
  4440 | D:4      | Found a shadowy altar of Dithmenos.
  4441 | D:4      | Found an ancient bone altar of Kikubaaqudgha.
  4441 | D:4      | Found a glowing golden altar of the Shining One.
  4442 | D:4      | Found a sacrificial altar of Ru.
  4442 | D:4      | Found a stormy altar of Qazlal.
  4447 | D:4      | Became a worshipper of Kikubaaqudgha
  4447 | D:4      | Reached * piety under Kikubaaqudgha
  4447 | D:4      | Identified Kikubaaqudgha's Incunabulum of Unholy Rites
                  | (Kikubaaqudgha gifted it to you on level 4 of the Dungeon)
  4447 | D:4      | Received a gift from Kikubaaqudgha
  4447 | D:4      | Reached ** piety under Kikubaaqudgha
  4451 | D:4      | Learned a level 1 spell: Animate Skeleton
  4487 | D:4      | Reached XP level 6. HP: 40/48 MP: 0/6
  4551 | D:4      | Found a glowing drain.
  4595 | Sewer    | Entered a sewer
  4989 | Sewer    | Reached skill level 1 in Necromancy
  5806 | Sewer    | Reached *** piety under Kikubaaqudgha
  5806 | Sewer    | Identified Kikubaaqudgha's Handbook of Black Magic
                  | (Kikubaaqudgha gifted it to you in a sewer)
  5806 | Sewer    | Received a gift from Kikubaaqudgha
  6132 | D:4      | Reached skill level 2 in Necromancy
  6161 | D:4      | Reached XP level 7. HP: 47/54 MP: 7/7
  6964 | D:3      | Learned a level 3 spell: Vampiric Draining
  7179 | D:4      | Found a radiant altar of Vehumet.
  7305 | D:4      | Reached skill level 3 in Necromancy
  7330 | D:5      | Entered Level 5 of the Dungeon
  7596 | D:5      | Found a large runed translucent door.
  7596 | D:5      | Found a large runed translucent door.
  7599 | D:5      | Found a large runed translucent door.
  7599 | D:5      | Found a large runed translucent door.
  7655 | D:5      | Reached skill level 1 in Spellcasting
  7933 | D:5      | Identified the +6 dagger "Use Beda" {freeze, Str-4 Int+4}
  8077 | D:5      | Reached skill level 4 in Necromancy
  8077 | D:5      | Reached XP level 8. HP: 47/61 MP: 9/11
  8082 | D:5      | Learned a level 2 spell: Corpse Rot
  8085 | D:5      | Noticed Pikel
  8104 | D:5      | Killed Pikel
  8104 | D:5      | Reached skill level 5 in Fighting
  8104 | D:5      | Reached skill level 5 in Long Blades
  8104 | D:5      | Reached skill level 5 in Necromancy
  9105 | D:6      | Reached **** piety under Kikubaaqudgha
  9189 | D:6      | Reached skill level 6 in Necromancy
  9362 | D:6      | Found a staircase to the Ecumenical Temple.
  9365 | D:6      | Got an ebony hand axe
  9477 | D:6      | Got a slimy platinum amulet
  9724 | D:6      | HP: 1/64 [shot self (10)]
  9725 | D:6      | Killed from afar by an orc priest

Illustrated notes

Levels and vault maps discovered:
D:1:      saegor_arrival_simple_b, layout_loops_ring, glass_columns_a,
          minmay_pentomino_r2
D:2:      kennysheep_big_flooded_room, layout_basic, minmay_misc_feat_chi,
          fountainhead, uniq_natasha
D:3:      layout_basic, gammafunk_temple_overflow_statue, st_stairs_5,
          okawaru_metal_pillars_1_2, uniq_robin
D:4:      minmay_opposing_rooms, layout_basic, lemuel_crystal_altar,
          grunt_temple_overflow_open, vehumet_altar_wand_db,
          portal_sewer_entry_a, kennysheep_doodads
D:5:      layout_loops_ring, st_stairs_10, chequers_big_river,
          minmay_hollow_rounded_squares, uniq_pikel
D:6:      layout_loops_corners, minmay_temple_entry_nine_rooms,
          gammafunk_ghost_grave

Skill      XL: |  1  2  3  4  5  6  7  8 |
---------------+-------------------------+-----
Stealth        | 2 3 |  3.0
Long Blades    | 3 4 5 |  5.0
Dodging        | 3 4 |  4.9
Fighting       | 4 5 |  5.8
Necromancy     | 2 4 6 |  6.2
Spellcasting   | 2 3 |  3.0

Action                   |  1- 3 |  4- 6 |  7- 9 || total
-------------------------+-------+-------+-------++-------
Melee: Falchion          |   102 |   342 |   187 ||   631
       Dagger            |       |       |   125 ||   125
 Cast: Animate Skeleton  |       |    24 |    12 ||    36
       Vampiric Draining |       |       |     1 ||     1
       Corpse Rot        |       |       |     1 ||     1
Invok: Receive Corpses   |       |     1 |       ||     1
Evoke: Wand              |       |       |     2 ||     2
  Use: Scroll            |     8 |     4 |     1 ||    13
 Stab: Sleeping          |     4 |     7 |     8 ||    19
       Distracted        |       |       |     3 ||     3
Armor: Robe              |    13 |    86 |    16 ||   115
       Leather armour    |       |       |    41 ||    41
Dodge: Dodged            |    85 |   258 |   189 ||   532
Block: Other             |     3 |    86 |    66 ||   155
       Reflection        |       |     5 |     1 ||     6
       Rpst.: Falchion   |    32 |    90 |    38 ||   160

Table legend: (Time is in decaauts)
 A = Elapsed time spent in this place.
 B = Non-inter-level travel time spent in this place.
 C = Inter-level travel time spent in this place.
 D = Time resting spent in this place.
 E = Time spent auto-exploring this place.
 F = Levels seen in this place.
 G = Mean time per level.
                   A        B        C        D        E       F      G
               +--------+--------+--------+--------+--------+-----+--------+
         Total |   9811 |   9560 |    251 |   2377 |   4973 |   7 | 1401.6 |
       Dungeon |   8268 |   8017 |    251 |   1614 |   4589 |   6 | 1378.0 |
         Sewer |   1543 |   1543 |      0 |    763 |    384 |   1 | 1543.0 |
               +--------+--------+--------+--------+--------+-----+--------+

Top non-repeatable levels by time:
     D:2: 2089 daAuts
     D:5: 1708 daAuts
     D:4: 1555 daAuts
   Sewer: 1543 daAuts
     D:3: 1219 daAuts
     D:1: 1009 daAuts
     D:6: 686 daAuts
